Map: Heavy Artillery LE

Players

MattBarry

  • Race: Zerg Zerg
  • League: Gold
  • Spawn Location: 1:00

Alebay

  • Race: Protoss Protoss
  • Spawn Location: 3:00

MrSchneebly - Winner!

  • Race: Zerg Zerg
  • Spawn Location: 7:00

TheMadBug - Winner!

  • Race: Terran Terran
  • League: Diamond
  • Spawn Location: 7:00

VOD

Have the link to the VOD?

Description

Time

  • Played on: Jan. 25, 2023, 4 a.m.
  • Length: 13:02
Show
View Real Time Build Order
Export as new Build Order

MattBarry Zerg 

Build Orders: Hatch First 

Get SALT Encoding   

  12  0:00  Drone  
  13  0:13  Overlord  
  13  0:17  Drone  
  14  0:32  Drone x2  
  16  0:50  Hatchery  
  15  1:04  Spawning Pool  
  14  1:06  Drone  
  14  1:10  Drone  
  16  1:13  Drone  
  17  1:27  Drone  
  18  1:35  Drone  
  19  1:51  Zergling x4, Queen, Extractor  
  22  2:04  Drone  
  23  2:16  Drone  
  24  2:41  Drone  
  24  2:43  Drone  
  24  2:44  Drone x2  
  27  2:51  Evolution Chamber  
  27  2:54  Overlord  
  27  2:56  Zergling x2  
  27  3:05  Extractor  
  26  3:12  Queen x2  
  30  3:20  Zergling x6  
  32  3:33  Metabolic Boost  
  32  3:39  Roach Warren  
  31  3:48  Queen  
  33  4:03  Drone x3  
  33  4:04  Overlord x2  
  33  4:08  Lair  
  34  4:10  Zerg Melee Weapons Level 1  
  34  4:19  Spore Crawler  
  33  4:40  Drone x4  
  33  4:41  Drone x4  
  33  4:43  Hatchery  
  40  4:48  Drone x3  
  43  4:57  Roach x2  
  47  5:06  Extractor x2  
  47  5:07  Drone x2  
  47  5:18  Spire  
  47  5:21  Evolution Chamber  
  45  5:24  Roach x2  
  49  5:34  Nydus Network  
  48  5:41  Drone x4  
  52  5:55  Queen  
  54  6:03  Pneumatized Carapace  
  54  6:07  Overlord  
  54  6:08  Drone  
  55  6:13  Zerg Ground Armor Level 1  
  55  6:25  Extractor, Overlord  
  54  6:33  Mutalisk x3  
  60  6:43  Mutalisk  
  62  6:59  Mutalisk x2  
  66  7:03  Drone x2  
  66  7:04  Drone x4  
  72  7:15  Mutalisk  
  72  7:16  Extractor  
  73  7:27  Drone  
  73  7:28  Overlord x2  
  74  7:47  Roach x2  
  74  7:48  Mutalisk x2, Zergling x2  
  74  7:49  Roach  
  74  7:50  Roach  
  85  8:08  Overlord x2  
  85  8:09  Overlord  
  85  8:18  Hydralisk Den  
  84  8:20  Overlord  
  84  8:21  Hydralisk Den  
  83  8:28  Zerg Flyer Weapons Level 1  
  83  8:29  Glial Reconstitution  
  83  8:33  Zerg Missile Weapons Level 1  
  83  8:34  Mutalisk  
  83  8:36  Zergling x2  
  83  8:37  Zergling x2  
  87  8:52  Grooved Spines  
  87  8:53  Muscular Augments  
  77  9:24  Hydralisk, Roach x5  
  77  9:25  Hydralisk, Roach x3  
  77  9:29  Drone x2  
  90  9:55  Infestation Pit  
  89  10:04  Zergling x2  
  89  10:05  Zergling x22  
  89  10:06  Zergling x2  
  102  10:10  Drone x2  
  102  10:11  Drone  
  105  10:26  Drone x3  
  105  10:27  Drone x3  
  111  10:41  Drone  
  111  10:42  Drone x2  
  114  10:43  Overlord x2  
  112  10:54  Spore Crawler  
  112  10:56  Spore Crawler  
  109  10:58  Spore Crawler  
  109  11:00  Spore Crawler x2  
  106  11:08  Ravager x2  
  106  11:09  Ravager x3  
  111  11:13  Overlord x3  
  111  11:14  Hydralisk  
  112  11:33  Drone x11  
  72  12:06  Zergling x2  
  72  12:07  Zergling x34  
  72  12:08  Zergling x2  
  81  12:14  Hydralisk  
  83  12:18  Drone x3  
  86  12:28  Zergling x6  
  89  12:31  Spore Crawler  
Show
View Real Time Build Order
Export as new Build Order

Alebay Protoss 

Build Orders: Blink Stalkers 

Get SALT Encoding   

  12  0:00  Probe  
  13  0:13  Probe  
  14  0:18  Pylon  
  14  0:25  Probe  
  15  0:37  Gateway  
  15  0:38  Probe  
  16  0:45  Assimilator  
  16  0:50  Probe  
  17  1:02  Probe  
  18  1:14  Probe  
  18  1:16  Gateway  
  19  1:25  Cybernetics Core  
  19  1:26  Probe  
  20  1:38  Probe  
  21  1:44  Pylon  
  21  1:46  Assimilator  
  21  1:51  Probe  
  22  1:56  Warp Gate (Chrono Boost)  
  22  2:03  Adept  
  22  2:04  Adept  
  22  2:06  Probe  
  27  2:23  Nexus  
  27  2:26  Probe  
  28  2:38  Stalker  
  30  2:56  Probe  
  31  3:08  Pylon  
  31  3:11  Pylon  
  31  3:25  Twilight Council  
  31  3:26  Stalker  
  33  3:28  Stalker  
  35  3:35  Probe x2  
  37  3:55  Probe x2  
  39  3:57  Blink (Chrono Boost)  
  39  3:58  Stalker  
  41  4:07  Probe x2  
  43  4:10  Pylon  
  43  4:11  Stalker  
  45  4:19  Probe x2  
  45  4:20  Forge  
  45  4:23  Stalker  
  49  4:31  Probe x2  
  49  4:35  Robotics Facility  
  51  4:39  Stalker  
  51  4:43  Probe  
  51  4:44  Probe  
  55  4:47  Stalker  
  55  4:48  Protoss Ground Weapons Level 1 (Chrono Boost)  
  55  4:52  Assimilator  
  57  5:03  Photon Cannon  
  57  5:05  Probe x2  
  59  5:12  Pylon, Stalker  
  59  5:13  Stalker  
  63  5:20  Pylon  
  64  5:21  Probe x2  
  64  5:26  Assimilator  
  65  5:38  Probe x2  
  67  5:43  Gateway x2  
  67  5:45  Gateway  
  67  5:46  Stalker  
  69  5:50  Stalker  
  71  5:58  Photon Cannon  
  71  6:02  Photon Cannon  
  71  6:09  Gateway  
  71  6:11  Pylon  
  71  6:13  Stalker  
  71  6:15  Stalker  
  75  6:24  Pylon  
  75  6:29  Protoss Ground Armor Level 1 (Chrono Boost)  
  75  6:46  Stalker  
  75  6:47  Stalker x2  
  78  7:04  Stalker x2  
  78  7:06  Probe  
  83  7:13  Observer  
  84  7:19  Robotics Facility  
  84  7:20  Robotics Facility  
  84  7:21  Photon Cannon  
  84  7:22  Stalker x2  
  84  7:23  Stalker x2  
  84  7:29  Pylon  
  92  7:30  Pylon  
  92  7:33  Photon Cannon  
  92  7:44  Forge  
  92  8:04  Stalker x4  
  100  8:11  Protoss Ground Weapons Level 2 (Chrono Boost)  
  100  8:25  Nexus  
  73  8:34  Protoss Ground Armor Level 2 (Chrono Boost)  
  100  8:40  Stalker x2  
  100  8:41  Stalker x4  
  72  9:49  Stalker x2  
  72  9:50  Stalker x4  
  72  9:52  Immortal x3  
  96  10:03  Templar Archives  
  96  10:04  Probe x2  
  96  10:05  Probe  
  99  10:14  Stalker  
  99  10:15  Stalker x2  
  99  10:16  Probe  
  99  10:17  Probe x2  
  99  10:20  Pylon  
  108  10:29  Probe  
  109  10:58  Stalker  
  109  10:59  Stalker x3  
  117  11:05  Assimilator  
  117  11:07  Assimilator  
  115  11:29  Stalker x2  
  115  11:30  Stalker x4  
  107  11:45  Immortal x2  
  41  12:22  Stalker  
  41  12:23  Stalker x5  
  49  12:50  Stalker x5  
  49  12:51  Stalker  
Show
View Real Time Build Order
Export as new Build Order

MrSchneebly Zerg - Winner!

Build Orders: Hatch First 

Get SALT Encoding   

  12  0:00  Drone  
  13  0:13  Overlord  
  13  0:17  Drone  
  14  0:31  Drone x2  
  16  0:51  Hatchery  
  16  0:53  Drone  
  17  0:57  Drone  
  17  1:00  Drone  
  18  1:11  Extractor  
  17  1:16  Spawning Pool  
  16  1:20  Drone  
  16  1:22  Drone  
  18  1:29  Drone  
  19  1:40  Drone  
  20  1:56  Overlord  
  20  2:04  Queen  
  20  2:05  Queen  
  20  2:07  Zergling x4  
  26  2:12  Drone  
  26  2:15  Metabolic Boost  
  27  2:27  Zergling x2  
  27  2:28  Zergling x4  
  30  2:40  Zergling x4  
  32  2:49  Drone x2  
  34  2:52  Queen  
  36  3:07  Overlord x2  
  36  3:18  Hatchery  
  35  3:35  Drone x7  
  35  3:36  Drone x2  
  37  3:56  Zergling x6  
  40  4:13  Lair  
  40  4:16  Extractor, Drone x3  
  42  4:18  Extractor, Drone x3  
  42  4:20  Drone x2  
  46  4:31  Extractor  
  45  4:33  Drone x3  
  45  4:35  Queen  
  51  4:52  Drone  
  51  4:53  Drone x2  
  51  4:55  Drone x2  
  55  5:09  Drone x2  
  55  5:10  Overlord  
  55  5:11  Overlord  
  57  5:37  Spore Crawler  
  57  5:38  Spire  
  57  5:39  Spore Crawler, Drone  
  55  5:43  Drone x3, Extractor  
  55  5:45  Extractor, Drone x3  
  55  5:46  Drone  
  55  5:47  Drone x7  
  67  6:06  Drone x2  
  69  6:14  Overlord x3  
  69  6:52  Mutalisk x14  
  97  7:07  Overlord x3  
  97  7:11  Overseer  
  97  7:13  Pneumatized Carapace  
  97  7:17  Zerg Flyer Weapons Level 1  
  97  7:18  Hatchery  
  97  7:19  Extractor  
  95  7:42  Roach Warren  
  94  7:44  Evolution Chamber  
  94  7:45  Evolution Chamber  
  94  7:50  Mutalisk  
  94  7:52  Mutalisk  
  94  7:53  Mutalisk x8  
  113  8:05  Drone x2  
  113  8:11  Infestation Pit  
  113  8:31  Zerg Ground Armor Level 1, Zerg Missile Weapons Level 1  
  113  8:33  Drone  
  114  8:35  Glial Reconstitution  
  114  8:51  Roach x2  
  114  8:52  Roach  
  114  8:53  Overlord x3  
  114  9:20  Roach x13  
  114  9:21  Roach  
  127  9:38  Mutalisk  
  127  9:43  Overlord x3  
  127  9:58  Pathogen Glands  
  127  10:03  Hive  
  127  10:05  Mutalisk, Burrow  
  127  10:06  Mutalisk x7  
  143  10:30  Hatchery  
  143  10:32  Overseer  
  142  10:56  Roach x2  
  146  10:57  Overlord x3  
  136  11:20  Roach x12  
  136  12:01  Roach  
  136  12:02  Roach x14  
  162  12:19  Roach x4, Extractor  
  162  12:20  Extractor  
  162  12:27  Drone x5  
  162  12:28  Drone x3  
  168  12:41  Hatchery  
Show
View Real Time Build Order
Export as new Build Order

TheMadBug Terran - Winner!

Build Orders: Reaper Expand 

Get SALT Encoding   

  12  0:00  SCV  
  13  0:13  SCV  
  14  0:17  Supply Depot  
  14  0:26  SCV  
  15  0:39  SCV  
  15  0:40  Barracks  
  16  0:44  Refinery  
  16  0:51  SCV  
  17  1:03  SCV  
  18  1:15  SCV  
  19  1:27  Orbital Command  
  19  1:28  Reaper  
  20  2:01  SCV  
  20  2:02  Command Center  
  21  2:11  Supply Depot, Refinery  
  21  2:12  Barracks Reactor  
  21  2:13  SCV  
  22  2:25  SCV  
  22  2:45  SCV  
  23  2:52  Marine x2  
  23  2:57  SCV  
  26  2:59  Factory  
  26  3:03  Barracks  
  26  3:09  SCV  
  26  3:10  Marine x2  
  29  3:14  Orbital Command  
  29  3:30  Marine x2  
  31  3:38  SCV  
  32  3:50  Orbital Command, SCV  
  32  3:55  Barracks Tech Lab  
  33  3:56  Starport, Factory Tech Lab  
  33  4:02  SCV  
  34  4:16  SCV x2  
  36  4:23  Marine x2  
  38  4:24  Siege Tank  
  38  4:26  Stimpack  
  38  4:28  SCV x2, Marauder  
  45  4:35  Supply Depot x2  
  45  4:36  Starport Reactor  
  45  4:43  Supply Depot  
  45  4:48  Refinery  
  45  4:54  Engineering Bay  
  45  4:57  SCV x2  
  47  5:00  Barracks  
  47  5:04  Supply Depot  
  47  5:06  Supply Depot  
  47  5:09  SCV x2  
  47  5:13  Command Center, Medivac  
  51  5:15  Medivac  
  51  5:17  Marine  
  54  5:21  SCV x2  
  56  5:33  SCV  
  56  5:34  SCV, Siege Tank  
  61  5:36  Marauder  
  61  5:37  Marine x2  
  65  6:09  Marine x3  
  65  6:10  Siege Tank  
  71  6:13  SCV x2  
  71  6:18  Refinery  
  73  6:25  SCV x2  
  75  6:26  Marine x2  
  75  6:27  Marauder  
  75  6:31  Supply Depot  
  75  6:32  Supply Depot  
  79  6:34  Combat Shield  
  79  6:42  Siege Tank  
  82  6:49  Marauder  
  66  7:03  Barracks Tech Lab  
  66  7:06  Planetary Fortress  
  66  7:12  Marine x3  
  66  7:15  Terran Infantry Weapons Level 1  
  69  7:17  Engineering Bay  
  69  7:21  Marine  
  70  7:26  Widow Mine  
  72  7:30  Marine x2  
  72  7:33  Marine  
  72  7:35  Barracks  
  75  7:37  Barracks  
  75  7:39  Marine  
  75  7:42  Barracks  
  75  7:43  Barracks  
  76  7:44  Missile Turret  
  76  7:48  Missile Turret, Marine x2  
  78  7:51  Marauder  
  78  7:53  Concussive Shells, Medivac  
  78  7:54  Medivac  
  78  7:57  Marine  
  85  8:05  Missile Turret, Marine, SCV x3  
  86  8:06  Marine  
  86  8:12  Marine  
  90  8:15  Marauder  
  93  8:31  Marauder  
  93  8:32  Marine  
  96  8:34  Barracks Tech Lab x2  
  96  8:40  Refinery x2  
  96  8:41  Barracks Tech Lab  
  96  8:42  Barracks Reactor  
  96  9:04  Marine x5  
  96  9:05  Marine, Marauder  
  98  9:18  Marine x2  
  98  9:22  Marine x4  
  98  9:23  Marauder x2  
  103  9:26  Marine  
  96  9:36  Marine x2  
  98  9:40  Marine x2  
  98  9:41  Marauder x2  
  98  9:44  Marine x2, Marauder  
  103  9:53  Marine  
  103  9:54  Marine  
  103  9:56  Siege Tank  
  103  9:57  Marine  
  103  9:58  Marine, SCV x3  
  113  10:01  Command Center  
  113  10:02  Marauder x2  
  117  10:13  Supply Depot  
  117  10:15  Supply Depot  
  117  10:16  Supply Depot, Terran Infantry Armor Level 1  
  117  10:17  Supply Depot  
  117  10:18  Supply Depot  
  117  10:19  Armory  
  117  10:24  Marine x4, SCV x2, Marauder  
  125  10:34  Marine x4  
  125  10:35  Siege Tank  
  132  10:37  Medivac x2  
  132  10:42  Supply Depot, Marine x4  
  140  10:45  Marine  
  141  10:52  Marine x2  
  141  10:53  Marauder x2  
  147  10:59  Marine x3  
  147  11:00  Marauder  
  147  11:04  Marauder  
  154  11:07  Medivac, Siege Tank  
  154  11:10  Marine x2  
  161  11:13  Marine  
  161  11:14  Marauder  
  161  11:17  Marine x2  
  144  12:11  Marine x5  
  144  12:12  Marine x2, Marauder x2  
  138  12:22  Medivac x2  
  140  12:29  Marine x2  
Tags
 
Add a new tag
Caveats
  • Supply blocks, unpowered buildings, or Contaminate may cause inaccurate times.
  • Supply counts are checked every 10 seconds.